 Dungeon Crawl Stone Soup version 0.28.0-47-ge53b351184 (webtiles) character file.

Game seed: 5442581933395165029

1914 Faeu the Skirmisher (level 8, -5/73 HPs)
             Began as a Minotaur Fighter on May 10, 2022.
             Was an Initiate of Hepliaklqana.
             Engulfed by a steam dragon's steam (12 damage)
             ... on level 7 of the Dungeon.
             The game lasted 00:17:41 (5303 turns).

Faeu the Skirmisher (Minotaur Fighter)              Turns: 5303, Time: 00:17:42

Health: -5/73      AC: 16    Str: 27    XL:     8   Next: 95%
Magic:  7/7        EV: 10    Int:  3    God:    Hepliaklqana [......]
Gold:   238        SH: 10    Dex: 10    Spells: 7/7 levels left

rFire   . . .      SeeInvis .   q - +7 war axe of War {holy, Fly rC+ Str+4 Int-2, axe}
rCold   + . .      Faith    .   c - +0 buckler
rNeg    . . .      Spirit   .   B - +0 chain mail
rPois   .          Reflect  +   (helmet restricted)
rElec   .          Harm     .   (no cloak)
rCorr   .          Rampage  .   y - +2 pair of gloves
Will    .....                   l - +1 pair of boots {Fly}
Stlth   ..........              b - amulet of reflection
HPRegen 0.22/turn               (no ring)
MPRegen 0.10/turn               (no ring)

@: flying, slowed, very slow
A: horns 2, retaliatory headbutt
a: Renounce Religion


You were on level 7 of the Dungeon.
You worshipped Hepliaklqana.
Hepliaklqana was noncommittal.
You visited 2 branches of the dungeon, and saw 8 of its levels.

You collected 238 gold pieces.


Innate Abilities, Weirdness & Mutations

You have a pair of horns on your head.
You reflexively headbutt those who attack you in melee.


   Skills:
 + Level 7.2 Fighting
 + Level 6.6 Axes
 + Level 7.2 Armour
 + Level 5.4 Dodging
 + Level 7.2 Shields


You had 7 spell levels left.
You didn't know any spells.
Your spell library contained the following spells:

 Spells                   Type           Power      Damage    Failure   Level
 Foxfire                  Conj/Fire      0%         2x1d4     98%         1
 Pain                     Necr           0%         1d4       98%         1
 Shock                    Conj/Air       0%         1d3       98%         1
 Summon Small Mammal      Summ           0%         N/A       98%         1
 Swiftness                Air            0%         N/A       100%        3
 Tukima's Dance           Hex            0%         N/A       100%        3
 Airstrike                Air            0%         N/A       100%        4
 Anguish                  Hex/Necr       0%         N/A       100%        4
 Petrify                  Tmut/Erth      0%         N/A       100%        4
 Metabolic Englaciation   Hex/Ice        0%         N/A       100%        5
 Statue Form              Tmut/Erth      0%         N/A       100%        6
 Enfeeble                 Hex            0%         N/A       100%        7

Inventory:

Hand Weapons
 q - the +7 war axe of War (weapon) {holy, Fly rC+ Str+4 Int-2, axe}
   (You found it on level 3 of the Dungeon)

   It has been blessed by the Shining One to cause great damage to the undead
   and demons.
   Str:       It affects your strength (+4).
   Int:       It affects your intelligence (-2).
   rC:        It protects you from cold.
   Fly:       It grants you flight.
Missiles
 s - 2 javelins (quivered) {throwing}
 D - 8 poisoned darts {throwing}
Armour
 c - a +0 buckler (worn)
 l - a +1 pair of boots of flying (worn)
   (You found it on level 2 of the Dungeon)
 y - a +2 pair of gloves (worn)
   (You found it on level 5 of the Dungeon)
 B - a +0 chain mail (worn)
   (You found it on level 6 of the Dungeon)
 C - the +1 robe of Generosity {rElec Archmagi}
   (You found it on level 7 of the Dungeon)

   rElec:     It insulates you from electricity.
   Archmagi:  It increases the power of your magical spells.
Jewellery
 a - an amulet of guardian spirit
   (You found it on level 7 of the Dungeon)
 b - an amulet of reflection (around neck)
   (You found it on level 7 of the Dungeon)
 u - a ring of wizardry
   (You took it off an orc wizard on level 5 of the Dungeon)
Wands
 x - a wand of polymorph (14)
   (You found it on level 5 of the Dungeon)
Scrolls
 e - a scroll of brand weapon {unknown}
 g - a scroll of teleportation {unknown}
 i - 2 scrolls of identify {unknown}
 j - a scroll of immolation {unknown}
 o - a scroll of enchant armour {unknown}
 p - a scroll of amnesia {unknown}
 w - 2 scrolls of blinking {unknown}
 z - a scroll of holy word {unknown}
Potions
 d - 2 potions of might
 f - 5 potions of curing {unknown}
 h - 2 potions of lignification {unknown}
 k - 2 potions of berserk rage {unknown}
 m - 2 potions of cancellation {unknown}
 n - 2 potions of flight {unknown}
 r - 2 potions of haste {unknown}
 t - a potion of brilliance {unknown}
 v - a potion of heal wounds {unknown}
 A - a potion of resistance {unknown}

Dungeon Overview and Level Annotations

Branches:
Dungeon (7/15)             Temple (1/1) D:7

Altars:
Ashenzari
Cheibriados
Dithmenos
Elyvilon
Fedhas
Gozag
Hepliaklqana
Kikubaaqudgha
Makhleb
Nemelex Xobeh
Okawaru
Qazlal
Ru
Sif Muna
Trog
Uskayaw
Vehumet
Xom
Yredelemnul
The Shining One

Shops:
D:2 !

Annotations:
D:3 2 transporters, NEEDEDCRAB's ghost, weakling FeTm
D:4 Eustachio

...# ####### #####.......#.####
...###...## ##...##......'.# #
...##.....#####.....#.....)### #
#####...............#......# #
....#.....#####.....#..##### ###
....##.†.##...##.))##..########..
....###.##....(##.##..>......##..
.....##.#......D#.##.........##..
......'.#...=..)@.##.........####
......#.#......)#.##........[# #
....###.##.....##.##.........# #
....##...##[..##...###########
###.#.....#####.....###########
#.#...............##........#
###.#.....#####.....##.....^..###
....##...#######...###........##.
....######.....##### #........##.


You could see a steam dragon (catching breath).


Message History

You hit the kobold brigand. You hit the kobold.
You kill the kobold!
You slash the kobold!
You kill the kobold!
You feel very sick. The kobold brigand closely misses you.
The kobold brigand hits you but does no damage.
You block the kobold's attack. The water moccasin misses you. 😮 HP[-2]
You take 2 damage, and now have 54/73 hp.
You hit the kobold brigand. You closely miss the water moccasin.
You slash the kobold!
You kill the kobold!
You feel sick. The water moccasin barely misses you. You furiously retaliate!
You headbutt the water moccasin! You block the kobold brigand's attack.
The water moccasin closely misses you. The steam dragon breathes steam at you.
The ball of steam hits you. The kobold brigand barely misses you.
The water moccasin bites you but does no damage. 😮 HP[-8]
You take 8 damage, and now have 46/73 hp.
You slice the kobold brigand!!
You kill the kobold brigand!
You closely miss the steam dragon. You closely miss the water moccasin.
You are engulfed in a cloud of scalding steam.
You feel sick.
The steam dragon bites you but does no damage.
You block the steam dragon's attack. The water moccasin bites you.
The steam dragon bites you. The steam dragon closely misses you.
You block the water moccasin's attack. 😮 HP[-8]
You take 8 damage, and now have 38/73 hp.
You closely miss the kobold. You hit the water moccasin.
You slash the steam dragon!
You are engulfed in a cloud of scalding steam.
You feel sick.
You are no longer poisoned.
The water moccasin bites you but does no damage.
The steam dragon closely misses you. You block the steam dragon's attack.
The kobold hits you but does no damage. The water moccasin bites you.
* * * LOW HITPOINT WARNING * * *
The steam dragon closely misses you. You furiously retaliate!
You headbutt the steam dragon. You block the steam dragon's attack.
The kobold closely misses you. You furiously retaliate!
You headbutt the kobold!
You kill the kobold!
The water moccasin bites you.
* * * LOW HITPOINT WARNING * * *
😨 HP[-10]
You take 10 damage, and now have 28/73 hp.
You hit the steam dragon. You slash the water moccasin!
The water moccasin bites you!
* * * LOW HITPOINT WARNING * * *
You block the steam dragon's attack. The steam dragon misses you.
The water moccasin barely misses you. You block the steam dragon's attack.
The steam dragon closely misses you. 😨 HP[-7]
You take 7 damage, and now have 21/73 hp.
You slash the steam dragon! You slash the kobold!
You kill the kobold!
You closely miss the water moccasin. You block the water moccasin's attack.
The steam dragon breathes steam at you.
The ball of steam hits you but does no damage.
The water moccasin barely misses you.
The bullfrog zombie hits you but does no damage.
The steam dragon bites you but does no damage.
The steam dragon claws you but does no damage.
The water moccasin bites you but does no damage. 😨 HP[+1]
You closely miss the steam dragon. You hit the bullfrog zombie.
The bullfrog zombie convulses.
You barely miss the water moccasin.
You are engulfed in a cloud of scalding steam.
* * * LOW HITPOINT WARNING * * *
You block the bullfrog zombie's attack.
The water moccasin bites you but does no damage.
You block the bullfrog zombie's attack. The steam dragon breathes steam at you.
The ball of steam hits you.
* * * LOW HITPOINT WARNING * * *
The water moccasin closely misses you. The bullfrog zombie closely misses you.
The steam dragon breathes steam at you. The ball of steam misses you. 😱 HP[-15]
You take 15 damage, and now have 7/73 hp.
MASSIVE DAMAGE!! (PAUSE)
You closely miss the steam dragon. You slash the bullfrog zombie!
The bullfrog zombie convulses!
You closely miss the water moccasin.
You are engulfed in a cloud of scalding steam.
The water moccasin bites you but does no damage.
The bullfrog zombie hits you but does no damage.
The water moccasin bites you but does no damage.
The steam dragon bites you but does no damage.
The steam dragon claws you but does no damage.
You block the bullfrog zombie's attack. You block the water moccasin's attack.
You hit the steam dragon. You slash the water moccasin!
You kill the water moccasin!
You slash the bullfrog zombie!
You destroy the bullfrog zombie!
You are engulfed in a cloud of scalding steam.
You die...

Skill      XL: |  1  2  3  4  5  6  7  8 |
---------------+-------------------------+-----
Dodging        | 1 2 3 4 5 |  5.4
Shields        | 4 5 6 7 |  7.2
Fighting       | 4 5 6 7 |  7.2
Axes           | 3 4 5 6 |  6.6
Armour         | 4 5 6 7 |  7.2

Action                   |  1- 3 |  4- 6 |  7- 9 || total
-------------------------+-------+-------+-------++-------
Melee: War axe           |    86 |    77 |    90 ||   253
       Headbutt          |     7 |     8 |    15 ||    30
Armor: Scale mail        |    60 |    33 |    28 ||   121
       Chain mail        |       |       |    39 ||    39
Dodge: Dodged            |    58 |    28 |    54 ||   140
Block: Buckler           |    34 |    13 |    37 ||    84
       Reflection        |       |       |     1 ||     1

Levels and vault maps discovered:
D:1:      dpeg_arrival_short_road, layout_basic,
          hellmonk_ecumenical_altar_run_dry, minivault_14,
          palyth_stone_intersect
D:2:      layout_loops_corners, basic_altar, serial_shops, shop,
          kennysheep_another_room, grunt_decor_junction
D:3:      layout_loops_ring, gammafunk_ghost_mausoleum
D:4:      minmay_goblin_kobold_castle, layout_basic, uniq_eustachio
D:5:      layout_gridville
D:6:      minmay_angry_zag, layout_loops_ring, hangedman_abyss_or_decor_stabs
D:7:      minmay_octagon_keep, layout_basic, minmay_temple_entry_proselytizer
Temple:   regret_index_temple_chain_breaker

Notes
Turn   | Place    | Note
-------+----------+-------------------------------------------
     0 | D:1      | Faeu the Minotaur Fighter began the quest for the Orb.
     0 | D:1      | Reached XP level 1. HP: 19/19 MP: 0/0
     0 | D:1      | magus.rc [v1.9.6]
   373 | D:1      | Found a faded altar of an unknown god.
   507 | D:1      | Reached XP level 2. HP: 23/27 MP: 1/1
  1108 | D:2      | Found Tepsil's Distillery.
  1116 | D:2      | Reached skill level 1 in Dodging
  1180 | D:2      | You pick up a book of Sloth and begin reading...
  1180 | D:2      | You add the spells Petrify, Metabolic Englaciation and
                  | Statue Form to your library.
  1194 | D:2      | Reached skill level 4 in Shields
  1224 | D:2      | Found a shimmering blue altar of Sif Muna.
  1250 | D:2      | Reached XP level 3. HP: 33/33 MP: 2/2
  1262 | D:2      | Reached skill level 4 in Fighting
  1262 | D:2      | Reached skill level 3 in Axes
  1262 | D:2      | Reached skill level 4 in Armour
  1944 | D:3      | Reached XP level 4. HP: 40/40 MP: 3/3
  2165 | D:3      | Found a transporter.
  2169 | D:3      | Noticed NEEDEDCRAB's ghost (weakling FeTm)
  2217 | D:3      | Reached skill level 2 in Dodging
  2393 | D:3      | Found a transporter.
  2465 | D:3      | Identified the +7 war axe of War {holy, Fly rC+ Str+4
                  | Int-2}
  2729 | D:4      | Reached XP level 5. HP: 47/47 MP: 4/4
  2936 | D:4      | Noticed an ogre
  3158 | D:4      | Noticed Eustachio
  3170 | D:5      | Entered Level 5 of the Dungeon
  3209 | D:5      | Noticed an ogre
  3211 | D:5      | Killed an ogre
  3212 | D:5      | Reached skill level 5 in Fighting
  3212 | D:5      | Reached skill level 4 in Axes
  3212 | D:5      | Reached XP level 6. HP: 56/56 MP: 5/5
  3217 | D:5      | Reached skill level 5 in Armour
  3217 | D:5      | Reached skill level 5 in Shields
  3218 | D:5      | You add the spells Foxfire, Pain and Summon Small Mammal to
                  | your library.
  3218 | D:5      | Got A Beginning Course on Sorcery
  3239 | D:5      | Reached skill level 3 in Dodging
  3319 | D:5      | Reached XP level 7. HP: 61/61 MP: 6/6
  3454 | D:5      | You pick up a book of Maledictions and begin reading...
  3454 | D:5      | You add the spells Tukima's Dance, Anguish and Enfeeble to
                  | your library.
  3978 | D:6      | Reached skill level 5 in Axes
  4056 | D:6      | Reached skill level 4 in Dodging
  4131 | D:6      | Reached skill level 6 in Fighting
  4247 | D:6      | Reached skill level 6 in Armour
  4247 | D:6      | Reached skill level 6 in Shields
  4320 | D:6      | Reached XP level 8. HP: 67/70 MP: 7/7
  4431 | D:6      | Noticed a two-headed ogre
  4629 | D:7      | Found a staircase to the Ecumenical Temple.
  4643 | Temple   | Entered the Ecumenical Temple
  4916 | Temple   | Became a worshipper of Hepliaklqana the Forgotten
  5061 | D:7      | Identified the +1 robe of Generosity {rElec Archmagi}
  5107 | D:7      | Reached skill level 6 in Axes
  5207 | D:7      | Reached skill level 5 in Dodging
  5237 | D:7      | You pick up a book of Air and begin reading...
  5237 | D:7      | You add the spells Shock, Swiftness and Airstrike to your
                  | library.
  5252 | D:7      | Reached skill level 7 in Fighting
  5270 | D:7      | Reached skill level 7 in Armour
  5284 | D:7      | Reached skill level 7 in Shields
  5301 | D:7      | HP: 8/73 [steam dragon] (14)]
  5303 | D:7      | Engulfed by a steam dragon's steam

Vanquished Creatures
  A water moccasin (D:7)
  A hornet zombie (D:6)
  A sky beast (D:7)
  An ice beast (D:7)
  2 black bears
  2 ogres
  A centaur (D:7)
  A phantom (D:5)
  2 kobold brigands (D:7)
  A bullfrog (D:7)
  3 scorpions
  A water moccasin skeleton (D:7)
  A howler monkey (D:5)
  A bullfrog zombie (D:7)
  A jelly (D:6)
  A centaur skeleton (D:7)
  4 hounds
  4 centaur zombies
  3 orc priests
  An iguana (D:5)
  An orc wizard (D:5)
  A killer bee zombie (D:6)
  8 adders
  A howler monkey skeleton (D:6)
  2 shadow imps
  2 white imps (D:6)
  An adder skeleton (D:4)
  2 worms (D:3)
  3 dart slugs
  7 orcs
  4 endoplasms
  4 giant cockroaches
  3 goblins
  8 hobgoblins
  4 jackals (D:2)
  13 kobolds
  5 quokkas
  4 ball pythons
  8 bats
  2 frilled lizards (D:2)
  5 rats
121 creatures vanquished.

Table legend:
 A = Non-vault XP
 B = Vault XP
 C = Vault XP percentage of total XP
 D = Non-vault monster count
 E = Vault monster count
 F = Vault count percentage of total count
                 A         B        C        D         E       F
            +---------+---------+-------+---------+---------+-------
      Total |    1969 |     963 |  32.8 |     106 |      15 |  12.4
            +---------+---------+-------+---------+---------+-------
        D:1 |      12 |       0 |   0.0 |       8 |       0 |   0.0
        D:2 |      74 |       0 |   0.0 |      29 |       0 |   0.0
        D:3 |     101 |       0 |   0.0 |      22 |       0 |   0.0
        D:4 |      76 |       1 |   1.3 |      10 |       1 |   9.1
        D:5 |     643 |       0 |   0.0 |      11 |       0 |   0.0
        D:6 |     431 |     303 |  41.3 |      12 |       5 |  29.4
        D:7 |     632 |     659 |  51.0 |      14 |       9 |  39.1
            +---------+---------+-------+---------+---------+-------

Illustrated notes

Table legend:
 A = Kills in this place as a percentage of kills in entire the game.
 B = Kills by you in this place as a percentage of kills by you in the entire game.
 C = Kills by friends in this place as a percentage of kills by friends in the entire game.
 D = Other kills in this place as a percentage of other kills in the entire game.
 E = Experience gained in this place as a percentage of experience gained in the entire game.
 F = Experience gained in this place divided by the number of levels of this place that you have seen.
                   A       B       C       D       E      F
               +-------+-------+-------+-------+-------+----------------------
         Total | 100.0 | 100.0 |   N/A |   N/A | 100.0 | 366.5
       Dungeon | 100.0 | 100.0 |   N/A |   N/A | 100.0 | 418.9
               +-------+-------+-------+-------+-------+----------------------

Table legend: (Time is in decaauts)
 A = Elapsed time spent in this place.
 B = Non-inter-level travel time spent in this place.
 C = Inter-level travel time spent in this place.
 D = Time resting spent in this place.
 E = Time spent auto-exploring this place.
 F = Levels seen in this place.
 G = Mean time per level.
                   A        B        C        D        E       F      G
               +--------+--------+--------+--------+--------+-----+--------+
         Total |   5394 |   5184 |    210 |      0 |   3366 |   8 |  674.2 |
       Dungeon |   5114 |   4928 |    186 |      0 |   3136 |   7 |  730.6 |
        Temple |    279 |    255 |     24 |      0 |    230 |   1 |  279.0 |
               +--------+--------+--------+--------+--------+-----+--------+

Top non-repeatable levels by time:
     D:2: 1168 daAuts
     D:3: 941 daAuts
     D:5: 743 daAuts
     D:7: 598 daAuts
     D:1: 597 daAuts
     D:6: 545 daAuts
     D:4: 520 daAuts
  Temple: 279 daAuts
